 Dungeon Crawl Stone Soup version 0.29.1-15-g9cfb28693d (webtiles) character file.

Game seed: 18441568606831934276

49 javelincjr the Magician (level 3, 0/26 HPs)
             Began as a Demonspawn Hedge Wizard on Apr 4, 2023.
             Slain by an adder (4 damage)
             ... on level 1 of the Dungeon.
             The game lasted 00:07:14 (1713 turns).

javelincjr the Magician (Demonspawn Hedge Wizard)   Turns: 1713, Time: 00:07:14

Health: 0/26       AC:  2    Str: 12    XL:     3   Next: 53%
Magic:  2/7        EV: 12    Int: 17    God:
Gold:   16         SH:  0    Dex: 12    Spells: 3/8 levels left

rFire   . . .      SeeInvis .   k - +1 short sword (drain)
rCold   . . .      Faith    .   (no shield)
rNeg    . . .      Spirit   .   b - +0 robe
rPois   .          Reflect  .   c - +0 hat
rElec   .          Harm     .   (no cloak)
rCorr   .          Rampage  .   (no gloves)
Will    .....                   (no boots)
Stlth   ++........              (no amulet)
HPRegen 0.08/turn               (no ring)
MPRegen 0.10/turn               (no ring)

@: no status effects
A: powered by death 1, big brain 1
a: no special abilities


You were on level 1 of the Dungeon.
You visited 1 branch of the dungeon, and saw 2 of its levels.

You collected 16 gold pieces.

Inventory:

Hand Weapons
 a - a +0 dagger
 k - a +1 short sword of draining (weapon)
Armour
 b - a +0 robe (worn)
 c - a +0 hat (worn)
Scrolls
 g - a scroll of immolation {unknown}
 j - a scroll of silence {unknown}
 m - a scroll of noise {unknown}
Potions
 d - 3 potions of magic
 e - 2 potions of curing
 f - a potion of degeneration {unknown}
 h - 2 potions of heal wounds {unknown}
 i - 2 potions of flight {unknown}
 l - a potion of resistance {unknown}
 n - a potion of ambrosia {unknown}


   Skills:
 * Level 1.0 Fighting
 + Level 0.4 Armour
 + Level 2.0 Dodging
 - Level 1.9 Stealth
 * Level 3.3 Spellcasting
 + Level 1.5 Conjurations
 + Level 1.4 Summonings
 + Level 1.2 Translocations


You had 3 spell levels left.
You knew the following spells:

 Your Spells              Type           Power      Damage    Failure   Level
a - Magic Dart            Conj           32%        1d4       9%          1
b - Call Imp              Summ           7%         N/A       14%         2
c - Blink                 Tloc           14%        N/A       16%         2

Your spell library contained the following spells:

 Spells                   Type           Power      Damage    Failure   Level
 Slow                     Hex            8%         N/A       17%         1
 Conjure Flame            Conj/Fire      5%         6-21      36%         3
 Mephitic Cloud           Conj/Pois/Air  4%         N/A       38%         3


Dungeon Overview and Level Annotations

Branches:
Dungeon (2/15)

Altars:


Innate Abilities, Weirdness & Mutations

You regenerate a little health from kills.
You have an unusually large brain. (Int +2)


Message History

There is a stone staircase leading down here.
You start resting.
HP restored.
You climb downwards.
Found a robe.
There is a stone staircase leading up here.
Casting: Blink (safe; 16% risk of failure)
Confirm with . or Enter, or press ? or * to list all spells.
You blink.
A gnoll comes into view.
It is wielding a +0 whip and wearing a +1 leather armour of fire resistance.
The adder hisses angrily.
The gnoll shouts! x2
The gnoll moves out of view.
Casting: Blink (safe; 16% risk of failure)
Confirm with . or Enter, or press ? or * to list all spells.
You miscast Call Imp.
You are very lightly contaminated with residual magic.
Nothing appears to happen.
The adder bites you. The adder attacks as you move away!
The adder bites you but does no damage. The gnoll closely misses you.
The adder bites you. The gnoll attacks as you move away!
The gnoll hits you with a +0 halberd!
The gnoll hits you from afar with a +0 halberd.
You feel stable enough to blink again. The adder attacks as you move away!
The adder closely misses you. x2
The adder attacks as you move away! The adder bites you.
You are poisoned.
The adder poisons you!
You feel sick.
There is an escape hatch in the ceiling here.
You feel sick. The gnoll closely misses you. The adder bites you.
* * * LOW HITPOINT WARNING * * *
A mysterious force pulls you upwards. The hatch slams shut behind you.
You feel sick.
Your magical contamination has completely faded away.
Casting: Call Imp (safe; 14% risk of failure)
Confirm with . or Enter, or press ? or * to list all spells.
A shadowy apparition takes form in the air.
You feel sick.
You are no longer poisoned.
The adder closely misses you. The adder bites you.
You die...

##### #.# #..####.####### # #.#
##.## #....###### # #.# #..#
####....... # #.# ###.## #######.
### ######)###...# ###.... ..#
#....#.##..### ####...### #.#
#.).......## #....### #.#
#....#.#############.####
#.########†###5.@(.......#
............(...S.......#########
.........##############.....†....
########## ###########


You could see an adder (ally target) and a friendly shadow imp (summoned).

Vanquished Creatures
  2 adders (D:2)
  A dart slug (D:1)
  A ball python (D:2)
  2 endoplasms (D:1)
  A giant cockroach (D:1)
  4 goblins
  2 hobgoblins (D:2)
  4 jackals (D:1)
  A quokka (D:1)
  2 bats (D:1)
  2 frilled lizards
  3 kobolds
  3 rats
28 creatures vanquished.

Vanquished Creatures (others)
  7 plants (D:1)
7 creatures vanquished.

Grand Total: 35 creatures vanquished

Notes
Turn   | Place    | Note
-------+----------+-------------------------------------------
     0 | D:1      | javelincjr the Demonspawn Hedge Wizard began the quest for
                  | the Orb.
     0 | D:1      | Reached XP level 1. HP: 13/13 MP: 4/4
    47 | D:1      | Reached skill level 1 in Translocations
   363 | D:1      | Gained mutation: You have an unusually large brain. (Int
                  | +2) [demonic ancestry]
   363 | D:1      | Reached XP level 2. HP: 19/19 MP: 0/6
  1038 | D:2      | Gained mutation: You regenerate a little health from kills.
                  | [demonic ancestry]
  1038 | D:2      | Reached XP level 3. HP: 15/25 MP: 7/7
  1469 | D:1      | Learned a level 2 spell: Call Imp
  1472 | D:1      | Learned a level 2 spell: Blink
  1507 | D:2      | Reached skill level 1 in Fighting
  1713 | D:1      | Slain by an adder

Illustrated notes

Levels and vault maps discovered:
D:1:      tarquinn_simple_flora_water_c, layout_rooms, serial_bayou_lake_a
D:2:      layout_loops_ring, ebering_ecumenical_altar_abandoned,
          nicolae_hexahallways, minmay_misc_feat_doors

Skill      XL: |  1  2  3 |
---------------+----------+-----
Translocations | 1 |  1.2
Dodging        | 2 |  2.0
Fighting       | 1 |  1.0
Armour         | |  0.4
Stealth        | |  1.9
Spellcasting   | |  3.3
Conjurations   | |  1.5
Summonings     | |  1.4

Action                   || total
-------------------------++-------
Melee: Dagger            ||    20
       Short sword       ||    33
 Cast: Magic Dart        ||    49
       Blink             ||     2
       Call Imp          ||     1
  Use: Potion            ||     1
 Stab: Sleeping          ||     1
Armor: Robe              ||    11
Dodge: Dodged            ||    52
